Harfangs vs Wolves
Created - 14 décembre 2013 at 19:01
Goals
|
| Harfangs |
1 |
3 |
2 |
6 |
| Wolves |
2 |
0 |
1 |
3 |
|
Shots
|
| Harfangs |
19 |
15 |
10 |
44 |
| Wolves |
13 |
7 |
21 |
41 |
|
1st period
1. Wolves , Cody McLeod 4 (Alexander Perezhogin, Marc-André Gragnani) at 5:53
2. Harfangs , Stefan Ruzicka 14 (Peter Olvecky) at 18:35
3. Wolves , Mike Zigomanis 14 (Chris Neil, Mike Sislo) at 19:56
Penalties :
No Penalty
2nd period
4. Harfangs , Sergei Kostitsyn 7 (Brett Carson) at 5:44
5. Harfangs , Marcel Hossa 14 (Eric Godard, Boyd Gordon) at 6:21
6. Harfangs , Nick Holden 1 (Stephane Da Costa, Matt Keith) at 14:09
Penalties :
Nick Holden (BEA) for High sticking (Minor) at 7:57, Jamie Storr (Min) for Delaying the game (Minor) at 15:32 - Alexander Perezhogin served the penalty, Alexandre Picard (BEA) for Tripping (Minor) at 15:37, Nate Guenin (Min) for Hooking (Minor) at 15:58, Brian Lashoff (BEA) for Roughing (Minor) at 18:04
3rd period
7. Harfangs , Peter Olvecky 8 (Stefan Ruzicka, Alex Killorn) at 9:13
8. Harfangs , Marcel Hossa 15 (Eric Godard, Boyd Gordon) at 10:50 (PP)
9. Wolves , Nathan Davis 4 (Willie Mitchell) at 18:06
Penalties :
Marcel Hossa (BEA) for Hooking (Minor) at 1:47, Geoff Paukovich (Min) for Boarding (Minor) at 4:10, Brian Lashoff (BEA) for Roughing (Minor) at 6:32, Cody McLeod (Min) for Tripping (Minor) at 9:26, Nate Guenin (Min) for Fighting (Major) at 10:55, Andrew Orpik (BEA) for Fighting (Major) at 10:55, Marc-André Gragnani (Min) for Hooking (Minor) at 15:05
Goalie Stats
Ray Emery (BEA), 38 saves from 41 shots - (0,927), W, 9-5-2, 60:00 minutes
Jamie Storr (Min), 38 saves from 44 shots - (0,864), L, 8-12-1, 60:00 minutes
Players Stats for Harfangs
Player Name G A P +/- PIM S H SB GA TA FO MP PP MP PK MP
------------------------------------------------------------------------------------
Alex Killorn 0 1 1 2 0 0 2 0 0 0 2/4 8:16 0:00 0:00
Alexandre Picard 0 0 0 2 2 4 0 3 0 1 0/0 28:11 4:46 4:34
Andrew Orpik 0 0 0 2 5 2 1 1 0 1 0/0 25:01 2:27 4:34
Boyd Gordon 0 2 2 0 0 4 2 0 0 0 20/33 20:21 3:38 2:17
Brett Carson 0 1 1 0 0 1 0 2 0 0 0/0 20:53 1:22 3:22
Brian Lashoff 0 0 0 0 4 0 1 2 0 0 0/0 11:35 0:00 0:00
Dustin Jeffrey 0 0 0 1 0 1 1 0 0 0 0/0 8:39 0:00 0:14
Eric Godard 0 2 2 0 0 8 3 0 0 0 8/13 23:22 3:38 4:35
Marcel Hossa 2 0 2 0 2 9 4 0 4 2 3/4 22:19 3:38 3:32
Matt Keith 0 1 1 1 0 0 0 0 1 0 0/0 9:08 0:21 0:00
Nick Holden 1 0 1 0 2 1 0 1 0 1 0/0 14:50 1:59 0:00
Pavel Vorobiev 0 0 0 -1 0 1 3 1 0 0 0/1 17:22 1:49 1:30
Peter Olvecky 1 1 2 2 0 1 1 0 0 0 0/0 10:14 0:00 1:58
Petri Kontiola 0 0 0 -1 0 1 0 0 0 1 12/16 15:01 1:49 0:00
Sergei Kostitsyn 1 0 1 -1 0 5 1 0 0 0 0/0 16:33 1:49 1:32
Stefan Ruzicka 1 1 2 2 0 2 2 0 0 0 0/1 9:00 0:21 0:00
Stephane Da Costa 0 1 1 1 0 3 0 0 1 0 2/4 8:39 0:00 0:14
Victor Bartley 0 0 0 0 0 1 0 1 1 0 0/0 20:35 1:22 3:22
Players Stats for Wolves
Player Name G A P +/- PIM S H SB GA TA FO MP PP MP PK MP
------------------------------------------------------------------------------------
Alexander Perezhogin 0 1 1 0 0 3 5 0 1 0 0/2 20:10 4:39 0:21
Bruno Gervais 0 0 0 -3 0 1 3 1 0 2 0/0 24:14 4:13 2:14
Chris Neil 0 1 1 0 0 7 1 0 0 1 0/0 17:12 3:17 0:41
Cody McLeod 1 0 1 0 2 2 4 0 0 0 1/5 20:22 4:21 0:23
Dan Fritsche 0 0 0 -1 0 0 2 1 0 0 6/13 13:12 0:00 4:47
Geoff Paukovich 0 0 0 -1 2 2 1 0 0 0 0/0 8:41 0:18 0:00
Jonas Junland 0 0 0 1 0 2 0 0 1 0 0/0 15:38 4:13 0:00
Logan MacMillan 0 0 0 -1 0 0 0 0 0 0 0/0 7:39 0:00 0:00
Marc Methot 0 0 0 -3 0 1 0 0 0 0 0/0 20:15 3:43 3:38
Marc-André Gragnani 0 1 1 1 2 1 0 1 0 0 0/0 12:09 0:00 0:37
Mike Sislo 0 1 1 0 0 2 2 0 0 0 0/2 17:22 3:17 1:31
Mike Zigomanis 1 0 1 0 0 3 1 0 1 1 6/13 16:07 3:17 0:00
Milan Bartovic 0 0 0 -1 0 0 3 0 0 0 0/1 12:09 0:00 3:55
Nate Guenin 0 0 0 0 7 4 1 1 0 1 0/0 22:27 3:43 3:08
Nathan Davis 1 0 1 -1 0 1 1 1 0 0 3/8 9:15 0:00 1:31
Rich Peverley 0 0 0 0 0 11 3 0 2 0 13/32 19:59 4:39 0:00
Tim Crowder 0 0 0 -1 0 1 1 0 0 0 0/0 7:39 0:00 0:00
Willie Mitchell 0 1 1 0 0 0 1 2 1 2 0/0 26:06 0:00 5:06
3 Stars
1 - Stefan Ruzicka (BEA)
2 - Peter Olvecky (BEA)
3 - Marcel Hossa (BEA)
Power Play
Harfangs - 1 on 5 Attempt(s) - 20,00%
Wolves - 0 on 5 Attempt(s) - 0,00%
Penalty Kill
Harfangs - 5 on 5 Attempt(s) - 100,00%
- Score 0 goal in Penalty Kill
Wolves - 4 on 5 Attempt(s) - 80,00%
- Score 0 goal in Penalty Kill
Official
Referees : Lee Chris and Sutherland Kelly
Linesman : Mark Shewchyk and Tim Nowak
Game Notes
Nate Guenin and Andrew Orpik fight to a draw at 10:55 of 3rd period
Finance
Level 1 -- Attendance: 1463 (73,15%) -- Ticket Income 51 205 $
Level 2 -- Attendance: 782 (78,20%) -- Ticket Income 11 730 $
Total Attendance: 2245 (74,83%)
Total Ticket Income: 62 935 $
Other Income: 3 147 $
Total Income: 66 082 $
Harfangs
5 vs 5 Forward
Center Left Wing Right Wing Time % Phy DF OF
1 Boyd Gordon Marcel Hossa Eric Godard 40 1 2 2
2 Petri Kontiola Sergei Kostitsyn Pavel Vorobiev 30 1 2 2
3 Alex Killorn Peter Olvecky Stefan Ruzicka 20 1 2 2
4 Stephane Da Costa Dustin Jeffrey Matt Keith 10 1 2 2
5 vs 5 Defense
Defense Defense Time % Phy DF OF
1 Alexandre Picard Andrew Orpik 40 1 2 2
2 Brett Carson Victor Bartley 30 1 2 2
3 Nick Holden Brian Lashoff 20 1 2 2
4 Alexandre Picard Andrew Orpik 10 1 2 2
PowerPlay Forward
Center Left Wing Right Wing Time % Phy DF OF
1 Boyd Gordon Marcel Hossa Eric Godard 60 1 2 2
2 Petri Kontiola Sergei Kostitsyn Pavel Vorobiev 40 1 2 2
PowerPlay Defense
Defense Defense Time % Phy DF OF
1 Alexandre Picard Andrew Orpik 60 1 2 2
2 Brett Carson Victor Bartley 40 1 2 2
Penalty Kill 4 Players Forward
Center Wing Time % Phy DF OF
1 Eric Godard Marcel Hossa 60 1 2 2
2 Pavel Vorobiev Boyd Gordon 40 1 2 2
Penalty Kill 4 Players Defense
Defense Defense Time % Phy DF OF
1 Alexandre Picard Andrew Orpik 60 1 2 2
2 Brett Carson Victor Bartley 40 1 2 2
Penalty Kill - 3 Players Forward
Forward Time % Phy DF OF
1 Eric Godard 60 1 2 2
2 Marcel Hossa 40 1 2 2
Penalty Kill - 3 Players Defense
Defense Defense Time % Phy DF OF
1 Alexandre Picard Andrew Orpik 60 1 2 2
2 Brett Carson Victor Bartley 40 1 2 2
4 vs 4 Forward
Center Wing Time % Phy DF OF
1 Eric Godard Marcel Hossa 60 1 2 2
2 Pavel Vorobiev Boyd Gordon 40 1 2 2
4 vs 4 Defense
Defense Defense Time % Phy DF OF
1 Alexandre Picard Andrew Orpik 60 1 2 2
2 Brett Carson Victor Bartley 40 1 2 2
Last Minutes Offensive
Center Left Wing Right Wing Defense Defense
Boyd Gordon Marcel Hossa Eric Godard Alexandre Picard Andrew Orpik
Last Minutes Defensive
Center Left Wing Right Wing Defense Defense
Boyd Gordon Marcel Hossa Eric Godard Alexandre Picard Andrew Orpik
Goaltenders
Starting : Ray Emery
Backup : Marek Schwarz
Extra Forwards
Normal : Stefan Ruzicka, Matt Keith, Peter Olvecky - PP : Stefan Ruzicka, Matt Keith - PK : Peter Olvecky
Extra Defensemen
Normal : Nick Holden, Brian Lashoff, Brett Carson - PP : Nick Holden - PK : Brian Lashoff, Brett Carson
Penalty Shots
Eric Godard, Marcel Hossa, Pavel Vorobiev, Boyd Gordon, Stefan Ruzicka
Wolves
5 vs 5 Forward
Center Left Wing Right Wing Time % Phy DF OF
1 Rich Peverley Cody McLeod Alexander Perezhogin 40 1 1 3
2 Mike Zigomanis Mike Sislo Chris Neil 30 0 1 4
3 Dan Fritsche Geoff Paukovich Milan Bartovic 20 1 1 3
4 Nathan Davis Logan MacMillan Tim Crowder 10 2 1 2
5 vs 5 Defense
Defense Defense Time % Phy DF OF
1 Willie Mitchell Nate Guenin 40 1 3 1
2 Bruno Gervais Marc Methot 30 1 3 1
3 Jonas Junland Marc-André Gragnani 20 1 3 1
4 Willie Mitchell Bruno Gervais 10 1 3 1
PowerPlay Forward
Center Left Wing Right Wing Time % Phy DF OF
1 Rich Peverley Cody McLeod Alexander Perezhogin 60 0 0 5
2 Mike Zigomanis Mike Sislo Chris Neil 40 0 0 5
PowerPlay Defense
Defense Defense Time % Phy DF OF
1 Bruno Gervais Jonas Junland 60 0 2 3
2 Marc Methot Nate Guenin 40 0 2 3
Penalty Kill 4 Players Forward
Center Wing Time % Phy DF OF
1 Dan Fritsche Milan Bartovic 60 1 4 0
2 Nathan Davis Mike Sislo 40 1 4 0
Penalty Kill 4 Players Defense
Defense Defense Time % Phy DF OF
1 Willie Mitchell Nate Guenin 60 2 3 0
2 Bruno Gervais Marc Methot 40 2 3 0
Penalty Kill - 3 Players Forward
Forward Time % Phy DF OF
1 Dan Fritsche 60 0 5 0
2 Milan Bartovic 40 0 5 0
Penalty Kill - 3 Players Defense
Defense Defense Time % Phy DF OF
1 Willie Mitchell Nate Guenin 60 2 3 0
2 Bruno Gervais Marc Methot 40 2 3 0
4 vs 4 Forward
Center Wing Time % Phy DF OF
1 Rich Peverley Mike Zigomanis 60 1 1 3
2 Chris Neil Alexander Perezhogin 40 1 1 3
4 vs 4 Defense
Defense Defense Time % Phy DF OF
1 Willie Mitchell Nate Guenin 60 1 3 1
2 Bruno Gervais Marc Methot 40 1 3 1
Last Minutes Offensive
Center Left Wing Right Wing Defense Defense
Rich Peverley Cody McLeod Alexander Perezhogin Bruno Gervais Marc Methot
Last Minutes Defensive
Center Left Wing Right Wing Defense Defense
Mike Zigomanis Dan Fritsche Chris Neil Willie Mitchell Nate Guenin
Goaltenders
Starting : Jamie Storr
Backup : Loïc Lacasse
Extra Forwards
Normal : Alexander Perezhogin, Rich Peverley, Chris Neil - PP : Alexander Perezhogin, Rich Peverley - PK : Chris Neil
Extra Defensemen
Normal : Bruno Gervais, Marc Methot, Willie Mitchell - PP : Bruno Gervais - PK : Willie Mitchell, Marc Methot
Penalty Shots
Chris Neil, Alexander Perezhogin, Mike Zigomanis, Rich Peverley, Milan Bartovic
% Time on Ice - Harfangs
Lines # - Real PCT - Wanted PCT - Time Play
Normal Forward
1 - 32% - 40% - 13:59
2 - 31% - 30% - 13:38
3 - 19% - 20% - 8:16
4 - 19% - 10% - 8:24
Normal Defense
1 - 41% - 40% - 18:06
2 - 35% - 30% - 15:23
3 - 21% - 20% - 9:12
4 - 4% - 10% - 1:36
PP Forward
1 - 69% - 60% - 3:59
2 - 31% - 40% - 1:49
PP Defense
1 - 76% - 60% - 4:26
2 - 24% - 40% - 1:22
PK Forward
1 - 81% - 60% - 6:26
2 - 19% - 40% - 1:30
PK Defense
1 - 58% - 60% - 4:34
2 - 42% - 40% - 3:22
PK3 Forward
1 - 0% - 60%
2 - 0% - 40%
PK3 Defense
1 - 0% - 60%
2 - 0% - 40%
44 Forward
1 - 79% - 60% - 1:34
2 - 21% - 40% - 0:25
44 Defense
1 - 76% - 60% - 1:31
2 - 24% - 40% - 0:28
Last Minute Offensive - 0:00
Last Minute Defensive - 0:00
Total
Forward - 60:00
Defense - 60:00
|
% Time on Ice - Wolves
Lines # - Real PCT - Wanted PCT - Time Play
Normal Forward
1 - 36% - 40% - 15:50
2 - 28% - 30% - 12:34
3 - 19% - 20% - 8:14
4 - 17% - 10% - 7:39
Normal Defense
1 - 39% - 40% - 17:09
2 - 27% - 30% - 12:07
3 - 24% - 20% - 10:37
4 - 10% - 10% - 4:24
PP Forward
1 - 59% - 60% - 4:39
2 - 41% - 40% - 3:17
PP Defense
1 - 53% - 60% - 4:13
2 - 47% - 40% - 3:43
PK Forward
1 - 74% - 60% - 4:17
2 - 26% - 40% - 1:31
PK Defense
1 - 74% - 60% - 4:18
2 - 26% - 40% - 1:30
PK3 Forward
1 - 76% - 60% - 1:11
2 - 24% - 40% - 0:22
PK3 Defense
1 - 94% - 60% - 1:27
2 - 6% - 40% - 0:06
44 Forward
1 - 100% - 60% - 0:26
2 - 0% - 40% - 0:00
44 Defense
1 - 100% - 60% - 0:26
2 - 0% - 40% - 0:00
Last Minute Offensive - 0:00
Last Minute Defensive - 0:00
Total
Forward - 60:00
Defense - 60:00
|
Play by Play
1st period
0:01 of 1st period - Boyd Gordon wins face-off versus Rich Peverley in neutral zone.
0:08 of 1st period - Wrist shot by Marcel Hossa.
0:08 of 1st period - Stopped by Jamie Storr without a rebound.
0:09 of 1st period - Boyd Gordon wins face-off versus Rich Peverley in Wolves zone.
0:59 of 1st period - Wrist shot by Rich Peverley.
0:59 of 1st period - Stopped by Ray Emery with a rebound.
1:01 of 1st period - Wrist shot by Alexander Perezhogin.
1:01 of 1st period - Stopped by Ray Emery with a rebound.
1:05 of 1st period - Snap shot by Cody McLeod.
1:05 of 1st period - Deflect By Rich Peverley.
1:05 of 1st period - Shot Misses the Net.
1:05 of 1st period - Puck is out of play.
1:06 of 1st period - Petri Kontiola wins face-off versus Mike Sislo in Harfangs zone.
1:11 of 1st period - Bruno Gervais is hit by Pavel Vorobiev and loses puck.
1:32 of 1st period - Brett Carson is hit by Geoff Paukovich and loses puck.
2:39 of 1st period - Slapshot by Sergei Kostitsyn.
2:39 of 1st period - Shot Misses the Net.
2:41 of 1st period - Slapshot by Alexandre Picard.
2:41 of 1st period - Shot Misses the Net.
2:43 of 1st period - Slapshot by Andrew Orpik.
2:43 of 1st period - Shot Misses the Net.
3:35 of 1st period - Brett Carson is hit by Mike Zigomanis and loses puck.
4:08 of 1st period - Dan Fritsche is hit by Alex Killorn and loses puck.
4:15 of 1st period - Snap shot by Stefan Ruzicka.
4:15 of 1st period - Shot Blocked by Bruno Gervais.
4:29 of 1st period - Snap shot by Tim Crowder.
4:29 of 1st period - Shot Blocked by Alexandre Picard.
4:31 of 1st period - Slapshot by Bruno Gervais.
4:31 of 1st period - Stopped by Ray Emery with a rebound.
4:33 of 1st period - Slapshot by Marc Methot.
4:33 of 1st period - Shot Misses the Net.
4:51 of 1st period - Snap shot by Pavel Vorobiev.
4:51 of 1st period - Stopped by Jamie Storr without a rebound.
4:52 of 1st period - Petri Kontiola wins face-off versus Mike Zigomanis in Wolves zone.
5:05 of 1st period - Snap shot by Chris Neil.
5:05 of 1st period - Stopped by Ray Emery without a rebound.
5:06 of 1st period - Rich Peverley wins face-off versus Eric Godard in Harfangs zone.
5:13 of 1st period - Wrist shot by Marcel Hossa.
5:13 of 1st period - Shot Misses the Net.
5:15 of 1st period - Wrist shot by Boyd Gordon.
5:15 of 1st period - Stopped by Jamie Storr without a rebound.
5:16 of 1st period - Rich Peverley wins face-off versus Boyd Gordon in Wolves zone.
5:25 of 1st period - Wrist shot by Marcel Hossa.
5:25 of 1st period - Shot Misses the Net.
5:35 of 1st period - Slapshot by Eric Godard.
5:35 of 1st period - Stopped by Jamie Storr with a rebound.
5:37 of 1st period - Snap shot by Boyd Gordon.
5:37 of 1st period - Stopped by Jamie Storr with a rebound.
5:41 of 1st period - Wrist shot by Marcel Hossa.
5:41 of 1st period - Shot Misses the Net.
5:53 of 1st period - Wrist shot by Cody McLeod.
5:53 of 1st period - Goal by Cody McLeod - Harfangs : 0 - Wolves : 1.
5:54 of 1st period - Petri Kontiola wins face-off versus Mike Zigomanis in neutral zone.
6:44 of 1st period - Snap shot by Rich Peverley.
6:44 of 1st period - Stopped by Ray Emery with a rebound.
8:02 of 1st period - Mike Sislo is hit by Dustin Jeffrey and loses puck.
8:13 of 1st period - Slapshot by Stephane Da Costa.
8:13 of 1st period - Stopped by Jamie Storr without a rebound.
8:14 of 1st period - Boyd Gordon wins face-off versus Rich Peverley in Wolves zone.
8:15 of 1st period - Slapshot by Marcel Hossa.
8:15 of 1st period - Stopped by Jamie Storr without a rebound.
8:16 of 1st period - Boyd Gordon wins face-off versus Rich Peverley in Wolves zone.
8:31 of 1st period - Andrew Orpik is hit by Cody McLeod and loses puck.
9:05 of 1st period - Snap shot by Rich Peverley.
9:05 of 1st period - Shot Hit the Post.
9:11 of 1st period - Wrist shot by Rich Peverley.
9:11 of 1st period - Deflect By Pavel Vorobiev.
9:11 of 1st period - Stopped by Ray Emery with a rebound.
9:13 of 1st period - Slapshot by Nate Guenin.
9:13 of 1st period - Stopped by Ray Emery without a rebound.
9:14 of 1st period - Dan Fritsche wins face-off versus Petri Kontiola in Harfangs zone.
9:27 of 1st period - Snap shot by Pavel Vorobiev.
9:27 of 1st period - Shot Misses the Net.
9:29 of 1st period - Snap shot by Sergei Kostitsyn.
9:29 of 1st period - Stopped by Jamie Storr with a rebound.
10:10 of 1st period - Wrist shot by Tim Crowder.
10:10 of 1st period - Stopped by Ray Emery with a rebound.
10:30 of 1st period - Snap shot by Pavel Vorobiev.
10:30 of 1st period - Shot Misses the Net.
10:32 of 1st period - Slapshot by Brian Lashoff.
10:32 of 1st period - Shot Blocked by Marc-André Gragnani.
10:34 of 1st period - Slapshot by Brian Lashoff.
10:34 of 1st period - Shot Blocked by Dan Fritsche.
10:36 of 1st period - Snap shot by Nick Holden.
10:36 of 1st period - Shot Misses the Net.
11:24 of 1st period - Off-side.
11:25 of 1st period - Nathan Davis wins face-off versus Alex Killorn in neutral zone.
11:56 of 1st period - Snap shot by Marcel Hossa.
11:56 of 1st period - Shot Misses the Net.
12:33 of 1st period - Mike Zigomanis is hit by Andrew Orpik.
12:39 of 1st period - Backhand shot by Stephane Da Costa.
12:39 of 1st period - Stopped by Jamie Storr with a rebound.
12:41 of 1st period - Slapshot by Dustin Jeffrey.
12:41 of 1st period - Stopped by Jamie Storr with a rebound.
13:37 of 1st period - Snap shot by Rich Peverley.
13:37 of 1st period - Stopped by Ray Emery with a rebound.
13:53 of 1st period - Petri Kontiola is hit by Chris Neil and loses puck.
14:04 of 1st period - Snap shot by Sergei Kostitsyn.
14:04 of 1st period - Shot Misses the Net.
14:06 of 1st period - Slapshot by Sergei Kostitsyn.
14:06 of 1st period - Deflect By Chris Neil.
14:06 of 1st period - Stopped by Jamie Storr without a rebound.
14:07 of 1st period - Rich Peverley wins face-off versus Boyd Gordon in Wolves zone.
14:13 of 1st period - Off-side.
14:14 of 1st period - Rich Peverley wins face-off versus Boyd Gordon in neutral zone.
14:27 of 1st period - Snap shot by Alexander Perezhogin.
14:27 of 1st period - Shot Blocked by Andrew Orpik.
15:16 of 1st period - Icing by Victor Bartley.
15:17 of 1st period - Nathan Davis wins face-off versus Stephane Da Costa in Harfangs zone.
15:22 of 1st period - Icing by Dustin Jeffrey.
15:23 of 1st period - Nathan Davis wins face-off versus Stephane Da Costa in Harfangs zone.
16:12 of 1st period - Snap shot by Matt Keith.
16:12 of 1st period - Shot Misses the Net.
16:28 of 1st period - Wrist shot by Tim Crowder.
16:28 of 1st period - Shot Misses the Net.
17:09 of 1st period - Slapshot by Matt Keith.
17:09 of 1st period - Deflect By Stephane Da Costa.
17:09 of 1st period - Shot Misses the Net.
17:09 of 1st period - Puck is out of play.
17:10 of 1st period - Marcel Hossa wins face-off versus Rich Peverley in Wolves zone.
17:11 of 1st period - Snap shot by Boyd Gordon.
17:11 of 1st period - Shot Misses the Net.
17:13 of 1st period - Backhand shot by Andrew Orpik.
17:13 of 1st period - Stopped by Jamie Storr with a rebound.
17:15 of 1st period - Snap shot by Eric Godard.
17:15 of 1st period - Stopped by Jamie Storr with a rebound.
17:17 of 1st period - Wrist shot by Eric Godard.
17:17 of 1st period - Stopped by Jamie Storr with a rebound.
17:19 of 1st period - Wrist shot by Boyd Gordon.
17:19 of 1st period - Shot Misses the Net.
17:21 of 1st period - Wrist shot by Alexandre Picard.
17:21 of 1st period - Stopped by Jamie Storr with a rebound.
17:23 of 1st period - Slapshot by Eric Godard.
17:23 of 1st period - Shot Misses the Net.
17:25 of 1st period - Slapshot by Alexandre Picard.
17:25 of 1st period - Stopped by Jamie Storr without a rebound.
17:26 of 1st period - Petri Kontiola wins face-off versus Mike Zigomanis in Wolves zone.
18:04 of 1st period - Nate Guenin is hit by Eric Godard and loses puck.
18:17 of 1st period - Snap shot by Milan Bartovic.
18:17 of 1st period - Deflect By Geoff Paukovich.
18:17 of 1st period - Stopped by Ray Emery without a rebound.
18:18 of 1st period - Dan Fritsche wins face-off versus Stefan Ruzicka in Harfangs zone.
18:35 of 1st period - Backhand shot by Stefan Ruzicka.
18:35 of 1st period - Goal by Stefan Ruzicka - Harfangs : 1 - Wolves : 1.
18:36 of 1st period - Boyd Gordon wins face-off versus Rich Peverley in neutral zone.
18:42 of 1st period - Off-side.
18:43 of 1st period - Rich Peverley wins face-off versus Boyd Gordon in neutral zone.
19:12 of 1st period - Wrist shot by Mike Zigomanis.
19:12 of 1st period - Stopped by Ray Emery without a rebound.
19:13 of 1st period - Petri Kontiola wins face-off versus Mike Zigomanis in Harfangs zone.
19:13 of 1st period - Petri Kontiola is hit by Mike Sislo.
19:23 of 1st period - Wrist shot by Chris Neil.
19:23 of 1st period - Deflect By Mike Sislo.
19:23 of 1st period - Shot Misses the Net.
19:23 of 1st period - Puck is out of play.
19:24 of 1st period - Boyd Gordon wins face-off versus Rich Peverley in Harfangs zone.
19:35 of 1st period - Snap shot by Boyd Gordon.
19:35 of 1st period - Stopped by Jamie Storr with a rebound.
19:37 of 1st period - Backhand shot by Boyd Gordon.
19:37 of 1st period - Deflect By Marcel Hossa.
19:37 of 1st period - Stopped by Jamie Storr with a rebound.
19:56 of 1st period - Wrist shot by Mike Zigomanis.
19:56 of 1st period - Goal by Mike Zigomanis - Harfangs : 1 - Wolves : 2.
19:57 of 1st period - Boyd Gordon wins face-off versus Alexander Perezhogin in neutral zone.
2nd period
0:01 of 2nd period - Boyd Gordon wins face-off versus Cody McLeod in neutral zone.
0:08 of 2nd period - Snap shot by Marcel Hossa.
0:08 of 2nd period - Shot Blocked by Willie Mitchell.
0:53 of 2nd period - Victor Bartley is hit by Rich Peverley and loses puck.
1:06 of 2nd period - Wrist shot by Cody McLeod.
1:06 of 2nd period - Shot Blocked by Victor Bartley.
1:08 of 2nd period - Slapshot by Nate Guenin.
1:08 of 2nd period - Stopped by Ray Emery with a rebound.
1:10 of 2nd period - Slapshot by Nate Guenin.
1:10 of 2nd period - Stopped by Ray Emery with a rebound.
1:12 of 2nd period - Slapshot by Nate Guenin.
1:12 of 2nd period - Stopped by Ray Emery with a rebound.
1:14 of 2nd period - Snap shot by Bruno Gervais.
1:14 of 2nd period - Shot Misses the Net.
1:16 of 2nd period - Wrist shot by Rich Peverley.
1:16 of 2nd period - Stopped by Ray Emery without a rebound.
1:17 of 2nd period - Mike Zigomanis wins face-off versus Boyd Gordon in Harfangs zone.
1:18 of 2nd period - Slapshot by Chris Neil.
1:18 of 2nd period - Stopped by Ray Emery without a rebound.
1:19 of 2nd period - Boyd Gordon wins face-off versus Mike Zigomanis in Harfangs zone.
1:19 of 2nd period - Boyd Gordon is hit by Bruno Gervais.
1:25 of 2nd period - Bruno Gervais is hit by Marcel Hossa and loses puck.
1:36 of 2nd period - Chris Neil is hit by Eric Godard and loses puck.
1:46 of 2nd period - Icing by Marc Methot.
1:47 of 2nd period - Mike Zigomanis wins face-off versus Petri Kontiola in Wolves zone.
1:54 of 2nd period - Wrist shot by Sergei Kostitsyn.
1:54 of 2nd period - Shot Misses the Net.
1:56 of 2nd period - Slapshot by Andrew Orpik.
1:56 of 2nd period - Stopped by Jamie Storr with a rebound.
1:58 of 2nd period - Wrist shot by Petri Kontiola.
1:58 of 2nd period - Stopped by Jamie Storr without a rebound.
1:59 of 2nd period - Boyd Gordon wins face-off versus Mike Zigomanis in Wolves zone.
2:06 of 2nd period - Mike Sislo is hit by Marcel Hossa.
2:38 of 2nd period - Wrist shot by Cody McLeod.
2:38 of 2nd period - Shot Misses the Net.
2:48 of 2nd period - Milan Bartovic is hit by Alex Killorn and loses puck.
3:09 of 2nd period - Victor Bartley is hit by Tim Crowder.
3:55 of 2nd period - Wrist shot by Chris Neil.
3:55 of 2nd period - Shot Blocked by Brian Lashoff.
3:57 of 2nd period - Slapshot by Jonas Junland.
3:57 of 2nd period - Shot Blocked by Brian Lashoff.
3:59 of 2nd period - Slapshot by Marc-André Gragnani.
3:59 of 2nd period - Stopped by Ray Emery with a rebound.
4:01 of 2nd period - Wrist shot by Mike Zigomanis.
4:01 of 2nd period - Shot Blocked by Nick Holden.
4:03 of 2nd period - Slapshot by Chris Neil.
4:03 of 2nd period - Stopped by Ray Emery with a rebound.
4:13 of 2nd period - Slapshot by Eric Godard.
4:13 of 2nd period - Stopped by Jamie Storr without a rebound.
4:14 of 2nd period - Boyd Gordon wins face-off versus Dan Fritsche in Wolves zone.
4:39 of 2nd period - Wrist shot by Stefan Ruzicka.
4:39 of 2nd period - Shot Misses the Net.
4:53 of 2nd period - Peter Olvecky is hit by Dan Fritsche.
4:57 of 2nd period - Willie Mitchell is hit by Stefan Ruzicka.
5:14 of 2nd period - Snap shot by Sergei Kostitsyn.
5:14 of 2nd period - Shot Misses the Net.
5:30 of 2nd period - Wrist shot by Eric Godard.
5:30 of 2nd period - Stopped by Jamie Storr with a rebound.
5:32 of 2nd period - Slapshot by Brett Carson.
5:32 of 2nd period - Stopped by Jamie Storr without a rebound.
5:33 of 2nd period - Mike Zigomanis wins face-off versus Petri Kontiola in Wolves zone.
5:44 of 2nd period - Wrist shot by Sergei Kostitsyn.
5:44 of 2nd period - Goal by Sergei Kostitsyn - Harfangs : 2 - Wolves : 2.
5:45 of 2nd period - Boyd Gordon wins face-off versus Cody McLeod in neutral zone.
6:12 of 2nd period - Andrew Orpik is hit by Nathan Davis and loses puck.
6:21 of 2nd period - Wrist shot by Marcel Hossa.
6:21 of 2nd period - Goal by Marcel Hossa - Harfangs : 3 - Wolves : 2.
6:22 of 2nd period - Petri Kontiola wins face-off versus Rich Peverley in neutral zone.
6:47 of 2nd period - Mike Zigomanis is hit by Eric Godard and loses puck.
7:57 of 2nd period - Minor Penalty to Nick Holden for High sticking.
7:58 of 2nd period - Eric Godard wins face-off versus Rich Peverley in Harfangs zone.
7:58 of 2nd period - Eric Godard is hit by Rich Peverley.
9:57 of 2nd period - Penalty to Nick Holden is over, Nick Holden is back on ice.
10:20 of 2nd period - Off-side.
10:21 of 2nd period - Stephane Da Costa wins face-off versus Nathan Davis in neutral zone.
10:30 of 2nd period - Slapshot by Stephane Da Costa.
10:30 of 2nd period - Stopped by Jamie Storr with a rebound.
11:41 of 2nd period - Off-side.
11:42 of 2nd period - Boyd Gordon wins face-off versus Nathan Davis in neutral zone.
11:55 of 2nd period - Backhand shot by Marcel Hossa.
11:55 of 2nd period - Stopped by Jamie Storr with a rebound.
12:16 of 2nd period - Wrist shot by Sergei Kostitsyn.
12:16 of 2nd period - Shot Misses the Net.
12:42 of 2nd period - Off-side.
12:43 of 2nd period - Dan Fritsche wins face-off versus Boyd Gordon in neutral zone.
12:59 of 2nd period - Off-side.
13:00 of 2nd period - Petri Kontiola wins face-off versus Rich Peverley in neutral zone.
13:26 of 2nd period - Nate Guenin is hit by Marcel Hossa and loses puck.
13:45 of 2nd period - Brett Carson is hit by Milan Bartovic and loses puck.
13:54 of 2nd period - Milan Bartovic is hit by Peter Olvecky and loses puck.
14:07 of 2nd period - Snap shot by Stephane Da Costa.
14:07 of 2nd period - Shot Blocked by Nathan Davis.
14:09 of 2nd period - Slapshot by Nick Holden.
14:09 of 2nd period - Goal by Nick Holden - Harfangs : 4 - Wolves : 2.
14:10 of 2nd period - Rich Peverley wins face-off versus Boyd Gordon in neutral zone.
14:13 of 2nd period - Boyd Gordon is hit by Alexander Perezhogin and loses puck.
14:38 of 2nd period - Snap shot by Mike Zigomanis.
14:38 of 2nd period - Shot Misses the Net.
14:41 of 2nd period - Icing by Andrew Orpik.
14:42 of 2nd period - Petri Kontiola wins face-off versus Mike Sislo in Harfangs zone.
14:47 of 2nd period - Sergei Kostitsyn is hit by Mike Sislo and loses puck.
15:18 of 2nd period - Slapshot by Mike Zigomanis.
15:18 of 2nd period - Deflect By Chris Neil.
15:18 of 2nd period - Shot Blocked by Alexandre Picard.
15:18 of 2nd period - Puck is out of play.
15:19 of 2nd period - Cody McLeod wins face-off versus Boyd Gordon in Harfangs zone.
15:20 of 2nd period - Wrist shot by Rich Peverley.
15:20 of 2nd period - Shot Misses the Net.
15:28 of 2nd period - Backhand shot by Marcel Hossa.
15:28 of 2nd period - Stopped by Jamie Storr with a rebound.
15:30 of 2nd period - Slapshot by Boyd Gordon.
15:30 of 2nd period - Shot Misses the Net.
15:32 of 2nd period - Slapshot by Victor Bartley.
15:32 of 2nd period - Stopped by Jamie Storr without a rebound.
15:32 of 2nd period - Minor Penalty to Jamie Storr for Delaying the game.
15:33 of 2nd period - Boyd Gordon wins face-off versus Milan Bartovic in Wolves zone.
15:34 of 2nd period - Wrist shot by Marcel Hossa.
15:34 of 2nd period - Shot Misses the Net.
15:36 of 2nd period - Slapshot by Boyd Gordon.
15:36 of 2nd period - Stopped by Jamie Storr without a rebound.
15:37 of 2nd period - Dan Fritsche wins face-off versus Boyd Gordon in Wolves zone.
15:37 of 2nd period - Minor Penalty to Alexandre Picard for Tripping.
15:38 of 2nd period - Eric Godard wins face-off versus Rich Peverley in Harfangs zone.
15:47 of 2nd period - Wrist shot by Eric Godard.
15:47 of 2nd period - Stopped by Jamie Storr with a rebound.
15:49 of 2nd period - Slapshot by Nick Holden.
15:49 of 2nd period - Shot Blocked by Willie Mitchell.
15:51 of 2nd period - Wrist shot by Marcel Hossa.
15:51 of 2nd period - Stopped by Jamie Storr without a rebound.
15:52 of 2nd period - Rich Peverley wins face-off versus Eric Godard in Wolves zone.
15:58 of 2nd period - Minor Penalty to Nate Guenin for Hooking.
15:59 of 2nd period - Eric Godard wins face-off versus Dan Fritsche in Wolves zone.
16:50 of 2nd period - Brett Carson is hit by Willie Mitchell and loses puck.
17:22 of 2nd period - Snap shot by Chris Neil.
17:22 of 2nd period - Shot Misses the Net.
17:32 of 2nd period - Penalty to Alexander Perezhogin is over, Alexander Perezhogin is back on ice.
17:32 of 2nd period - Dan Fritsche is hit by Stefan Ruzicka and loses puck.
17:37 of 2nd period - Penalty to Alexandre Picard is over, Alexandre Picard is back on ice.
17:58 of 2nd period - Penalty to Nate Guenin is over, Nate Guenin is back on ice.
18:01 of 2nd period - Wrist shot by Stefan Ruzicka.
18:01 of 2nd period - Shot Misses the Net.
18:03 of 2nd period - Slapshot by Brett Carson.
18:03 of 2nd period - Deflect By Stefan Ruzicka.
18:03 of 2nd period - Shot Misses the Net.
18:03 of 2nd period - Puck is out of play.
18:04 of 2nd period - Mike Zigomanis wins face-off versus Petri Kontiola in Wolves zone.
18:04 of 2nd period - Minor Penalty to Brian Lashoff for Roughing.
18:05 of 2nd period - Eric Godard wins face-off versus Rich Peverley in Harfangs zone.
18:14 of 2nd period - Andrew Orpik is hit by Alexander Perezhogin and loses puck.
19:13 of 2nd period - Peter Olvecky is hit by Alexander Perezhogin and loses puck.
3rd period
0:01 of 3rd period - Rich Peverley wins face-off versus Marcel Hossa in neutral zone.
0:04 of 3rd period - Penalty to Brian Lashoff is over, Brian Lashoff is back on ice.
0:32 of 3rd period - Off-side.
0:33 of 3rd period - Petri Kontiola wins face-off versus Mike Zigomanis in neutral zone.
0:54 of 3rd period - Snap shot by Chris Neil.
0:54 of 3rd period - Stopped by Ray Emery with a rebound.
0:56 of 3rd period - Slapshot by Mike Zigomanis.
0:56 of 3rd period - Shot Misses the Net.
0:58 of 3rd period - Wrist shot by Chris Neil.
0:58 of 3rd period - Stopped by Ray Emery with a rebound.
1:14 of 3rd period - Wrist shot by Chris Neil.
1:14 of 3rd period - Shot Misses the Net.
1:16 of 3rd period - Snap shot by Mike Sislo.
1:16 of 3rd period - Shot Misses the Net.
1:18 of 3rd period - Slapshot by Mike Zigomanis.
1:18 of 3rd period - Stopped by Ray Emery with a rebound.
1:20 of 3rd period - Slapshot by Marc-André Gragnani.
1:20 of 3rd period - Shot Misses the Net.
1:42 of 3rd period - Snap shot by Mike Zigomanis.
1:42 of 3rd period - Deflect By Mike Sislo.
1:42 of 3rd period - Stopped by Ray Emery with a rebound.
1:44 of 3rd period - Snap shot by Mike Sislo.
1:44 of 3rd period - Stopped by Ray Emery with a rebound.
1:46 of 3rd period - Wrist shot by Chris Neil.
1:46 of 3rd period - Stopped by Ray Emery without a rebound.
1:47 of 3rd period - Rich Peverley wins face-off versus Boyd Gordon in Harfangs zone.
1:47 of 3rd period - Minor Penalty to Marcel Hossa for Hooking.
1:48 of 3rd period - Eric Godard wins face-off versus Rich Peverley in Harfangs zone.
2:04 of 3rd period - Wrist shot by Rich Peverley.
2:04 of 3rd period - Stopped by Ray Emery without a rebound.
2:05 of 3rd period - Eric Godard wins face-off versus Cody McLeod in Harfangs zone.
2:16 of 3rd period - Wrist shot by Rich Peverley.
2:16 of 3rd period - Stopped by Ray Emery with a rebound.
2:30 of 3rd period - Andrew Orpik is hit by Bruno Gervais and loses puck.
3:47 of 3rd period - Penalty to Marcel Hossa is over, Marcel Hossa is back on ice.
4:05 of 3rd period - Icing by Nick Holden.
4:06 of 3rd period - Alex Killorn wins face-off versus Dan Fritsche in Harfangs zone.
4:10 of 3rd period - Minor Penalty to Geoff Paukovich for Boarding.
4:11 of 3rd period - Boyd Gordon wins face-off versus Dan Fritsche in Wolves zone.
4:16 of 3rd period - Snap shot by Eric Godard.
4:16 of 3rd period - Stopped by Jamie Storr with a rebound.
4:43 of 3rd period - Nate Guenin is hit by Pavel Vorobiev and loses puck.
5:09 of 3rd period - Nate Guenin is hit by Boyd Gordon and loses puck.
5:28 of 3rd period - Slapshot by Nate Guenin.
5:28 of 3rd period - Shot Misses the Net.
5:46 of 3rd period - Victor Bartley is hit by Milan Bartovic and loses puck.
6:10 of 3rd period - Penalty to Geoff Paukovich is over, Geoff Paukovich is back on ice.
6:22 of 3rd period - Slapshot by Rich Peverley.
6:22 of 3rd period - Deflect By Peter Olvecky.
6:22 of 3rd period - Shot Misses the Net.
6:22 of 3rd period - Puck is out of play.
6:23 of 3rd period - Rich Peverley wins face-off versus Alex Killorn in Harfangs zone.
6:24 of 3rd period - Snap shot by Alexander Perezhogin.
6:24 of 3rd period - Shot Misses the Net.
6:26 of 3rd period - Slapshot by Jonas Junland.
6:26 of 3rd period - Stopped by Ray Emery with a rebound.
6:28 of 3rd period - Slapshot by Rich Peverley.
6:28 of 3rd period - Stopped by Ray Emery with a rebound.
6:30 of 3rd period - Wrist shot by Alexander Perezhogin.
6:30 of 3rd period - Stopped by Ray Emery with a rebound.
6:32 of 3rd period - Snap shot by Jonas Junland.
6:32 of 3rd period - Stopped by Ray Emery without a rebound.
6:32 of 3rd period - Minor Penalty to Brian Lashoff for Roughing.
6:33 of 3rd period - Rich Peverley wins face-off versus Eric Godard in Harfangs zone.
6:34 of 3rd period - Snap shot by Cody McLeod.
6:34 of 3rd period - Shot Misses the Net.
6:36 of 3rd period - Slapshot by Alexander Perezhogin.
6:36 of 3rd period - Stopped by Ray Emery without a rebound.
6:37 of 3rd period - Eric Godard wins face-off versus Rich Peverley in Harfangs zone.
6:51 of 3rd period - Snap shot by Eric Godard.
6:51 of 3rd period - Shot Misses the Net.
7:06 of 3rd period - Off-side.
7:07 of 3rd period - Mike Zigomanis wins face-off versus Pavel Vorobiev in neutral zone.
7:16 of 3rd period - Nate Guenin is hit by Boyd Gordon and loses puck.
7:39 of 3rd period - Backhand shot by Marc Methot.
7:39 of 3rd period - Stopped by Ray Emery without a rebound.
7:40 of 3rd period - Rich Peverley wins face-off versus Eric Godard in Harfangs zone.
7:43 of 3rd period - Snap shot by Alexander Perezhogin.
7:43 of 3rd period - Shot Blocked by Alexandre Picard.
7:45 of 3rd period - Slapshot by Bruno Gervais.
7:45 of 3rd period - Shot Misses the Net.
7:47 of 3rd period - Slapshot by Bruno Gervais.
7:47 of 3rd period - Shot Misses the Net.
7:49 of 3rd period - Snap shot by Rich Peverley.
7:49 of 3rd period - Stopped by Ray Emery without a rebound.
7:50 of 3rd period - Eric Godard wins face-off versus Rich Peverley in Harfangs zone.
8:03 of 3rd period - Snap shot by Alexander Perezhogin.
8:03 of 3rd period - Shot Misses the Net.
8:05 of 3rd period - Snap shot by Cody McLeod.
8:05 of 3rd period - Shot Misses the Net.
8:07 of 3rd period - Snap shot by Rich Peverley.
8:07 of 3rd period - Stopped by Ray Emery with a rebound.
8:15 of 3rd period - Slapshot by Cody McLeod.
8:15 of 3rd period - Stopped by Ray Emery without a rebound.
8:16 of 3rd period - Mike Zigomanis wins face-off versus Eric Godard in Harfangs zone.
8:17 of 3rd period - Slapshot by Chris Neil.
8:17 of 3rd period - Shot Misses the Net.
8:32 of 3rd period - Penalty to Brian Lashoff is over, Brian Lashoff is back on ice.
9:07 of 3rd period - Wrist shot by Peter Olvecky.
9:07 of 3rd period - Deflect By Alex Killorn.
9:07 of 3rd period - Shot Misses the Net.
9:07 of 3rd period - Puck is out of play.
9:08 of 3rd period - Alex Killorn wins face-off versus Alexander Perezhogin in Wolves zone.
9:13 of 3rd period - Wrist shot by Peter Olvecky.
9:13 of 3rd period - Goal by Peter Olvecky - Harfangs : 5 - Wolves : 2.
9:14 of 3rd period - Boyd Gordon wins face-off versus Cody McLeod in neutral zone.
9:14 of 3rd period - Andrew Orpik is hit by Cody McLeod and loses puck.
9:26 of 3rd period - Minor Penalty to Cody McLeod for Tripping.
9:27 of 3rd period - Marcel Hossa wins face-off versus Dan Fritsche in Wolves zone.
10:02 of 3rd period - Icing by Andrew Orpik.
10:03 of 3rd period - Petri Kontiola wins face-off versus Nathan Davis in Harfangs zone.
10:40 of 3rd period - Slapshot by Alexandre Picard.
10:40 of 3rd period - Stopped by Jamie Storr with a rebound.
10:42 of 3rd period - Snap shot by Sergei Kostitsyn.
10:42 of 3rd period - Stopped by Jamie Storr without a rebound.
10:43 of 3rd period - Marcel Hossa wins face-off versus Dan Fritsche in Wolves zone.
10:50 of 3rd period - Backhand shot by Marcel Hossa.
10:50 of 3rd period - Goal by Marcel Hossa - Harfangs : 6 - Wolves : 2.
10:51 of 3rd period - Rich Peverley wins face-off versus Boyd Gordon in neutral zone.
10:55 of 3rd period - Nate Guenin and Andrew Orpik fight to a draw.
10:55 of 3rd period - Penalty to Nate Guenin for Fighting.
10:55 of 3rd period - Penalty to Andrew Orpik for Fighting.
10:56 of 3rd period - Boyd Gordon wins face-off versus Rich Peverley in Harfangs zone.
11:01 of 3rd period - Willie Mitchell is hit by Marcel Hossa and loses puck.
11:12 of 3rd period - Alexandre Picard is hit by Rich Peverley.
11:22 of 3rd period - Mike Sislo is hit by Sergei Kostitsyn and loses puck.
11:35 of 3rd period - Brett Carson is hit by Bruno Gervais and loses puck.
11:46 of 3rd period - Snap shot by Milan Bartovic.
11:46 of 3rd period - Shot Blocked by Brett Carson.
11:48 of 3rd period - Snap shot by Dan Fritsche.
11:48 of 3rd period - Shot Misses the Net.
11:50 of 3rd period - Wrist shot by Dan Fritsche.
11:50 of 3rd period - Shot Misses the Net.
11:54 of 3rd period - Wrist shot by Dan Fritsche.
11:54 of 3rd period - Deflect By Geoff Paukovich.
11:54 of 3rd period - Stopped by Ray Emery with a rebound.
11:56 of 3rd period - Snap shot by Dan Fritsche.
11:56 of 3rd period - Shot Blocked by Brett Carson.
12:58 of 3rd period - Wrist shot by Mike Zigomanis.
12:58 of 3rd period - Shot Misses the Net.
13:00 of 3rd period - Slapshot by Chris Neil.
13:00 of 3rd period - Shot Blocked by Pavel Vorobiev.
13:02 of 3rd period - Wrist shot by Chris Neil.
13:02 of 3rd period - Stopped by Ray Emery without a rebound.
13:03 of 3rd period - Boyd Gordon wins face-off versus Dan Fritsche in Harfangs zone.
13:03 of 3rd period - Boyd Gordon is hit by Dan Fritsche.
13:17 of 3rd period - Bruno Gervais is hit by Brian Lashoff and loses puck.
13:28 of 3rd period - Brett Carson is hit by Alexander Perezhogin and loses puck.
13:59 of 3rd period - Snap shot by Stefan Ruzicka.
13:59 of 3rd period - Stopped by Jamie Storr without a rebound.
14:00 of 3rd period - Boyd Gordon wins face-off versus Rich Peverley in Wolves zone.
14:34 of 3rd period - Snap shot by Sergei Kostitsyn.
14:34 of 3rd period - Stopped by Jamie Storr with a rebound.
14:48 of 3rd period - Slapshot by Matt Keith.
14:48 of 3rd period - Shot Misses the Net.
15:05 of 3rd period - Minor Penalty to Marc-André Gragnani for Hooking.
15:06 of 3rd period - Dan Fritsche wins face-off versus Boyd Gordon in Wolves zone.
15:14 of 3rd period - Off-side.
15:15 of 3rd period - Dan Fritsche wins face-off versus Boyd Gordon in neutral zone.
15:44 of 3rd period - Slapshot by Alexandre Picard.
15:44 of 3rd period - Stopped by Jamie Storr with a rebound.
15:46 of 3rd period - Snap shot by Eric Godard.
15:46 of 3rd period - Shot Misses the Net.
15:55 of 3rd period - Penalty to Nate Guenin is over, Nate Guenin is back on ice.
15:59 of 3rd period - Icing by Boyd Gordon.
16:00 of 3rd period - Boyd Gordon wins face-off versus Nathan Davis in Harfangs zone.
16:27 of 3rd period - Snap shot by Marcel Hossa.
16:27 of 3rd period - Shot Blocked by Nate Guenin.
17:05 of 3rd period - Penalty to Marc-André Gragnani is over, Marc-André Gragnani is back on ice.
17:45 of 3rd period - Slapshot by Marcel Hossa.
17:45 of 3rd period - Stopped by Jamie Storr with a rebound.
17:47 of 3rd period - Snap shot by Alexandre Picard.
17:47 of 3rd period - Shot Misses the Net.
17:49 of 3rd period - Snap shot by Eric Godard.
17:49 of 3rd period - Stopped by Jamie Storr without a rebound.
17:50 of 3rd period - Petri Kontiola wins face-off versus Nathan Davis in Wolves zone.
18:06 of 3rd period - Snap shot by Nathan Davis.
18:06 of 3rd period - Goal by Nathan Davis - Harfangs : 6 - Wolves : 3.
18:07 of 3rd period - Petri Kontiola wins face-off versus Rich Peverley in neutral zone.
18:07 of 3rd period - Pavel Vorobiev is hit by Alexander Perezhogin and loses puck.
18:13 of 3rd period - Brett Carson is hit by Nate Guenin and loses puck.
18:59 of 3rd period - Andrew Orpik is hit by Milan Bartovic.
19:11 of 3rd period - Marc-André Gragnani is hit by Pavel Vorobiev and loses puck.
19:22 of 3rd period - Brian Lashoff is hit by Cody McLeod and loses puck.
19:27 of 3rd period - Snap shot by Rich Peverley.
19:27 of 3rd period - Stopped by Ray Emery without a rebound.
19:28 of 3rd period - Stephane Da Costa wins face-off versus Rich Peverley in Harfangs zone.
19:28 of 3rd period - Stephane Da Costa is hit by Cody McLeod.
Output by the SimonT Hockey Simulator (STHS) for François Prévost -- Original Page W3C XHTML 1.0 Valid